 Dungeon Crawl Stone Soup version 0.29-a0-23-ga79f92ac9c (webtiles) character file.

Game seed: 16197446292513768630

9 Syelyexplosive the Grave Robber (level 2, 0/19 HPs)
             Began as a Demonspawn Necromancer on Jan 30, 2022.
             Slain by an endoplasm (3 damage)
             ... on level 1 of the Dungeon.
             The game lasted 00:07:54 (858 turns).

Syelyexplosive the Grave Robber (DsNe)               Turns: 858, Time: 00:07:55

Health: 0/19       AC:  2    Str:  8    XL:     2   Next: 3%
Magic:  5/5        EV: 12    Int: 16    God:
Gold:   14         SH:  0    Dex: 13    Spells: 4/5 levels left

rFire   . . .      SeeInvis .   e - +0 club
rCold   . . .      Faith    .   (no shield)
rNeg    . . .      Spirit   .   a - +0 robe
rPois   .          Reflect  .   (no helmet)
rElec   .          Harm     .   (no cloak)
rCorr   .          Rampage  .   (no gloves)
Will    .....                   (no boots)
Stlth   ++........              (no amulet)
HPRegen 0.06/turn               (no ring)
MPRegen 0.18/turn               (no ring)

@: no status effects
A: magic regeneration
a: no special abilities


You were on level 1 of the Dungeon.
You visited 1 branch of the dungeon, and saw 1 of its levels.

You collected 14 gold pieces.

Inventory:

Hand Weapons
 e - a +0 club (weapon)
 f - a +0 club
 g - a +0 club
Armour
 a - a +0 robe (worn)
Scrolls
 c - a scroll of blinking
Potions
 b - a potion of brilliance {unknown}
 d - a potion of curing {unknown}


   Skills:
 + Level 2.0 Dodging
 + Level 1.8 Stealth
 + Level 2.1 Spellcasting
 + Level 4.7 Necromancy


You had 4 spell levels left.
You knew the following spells:

 Your Spells              Type           Power      Damage    Failure   Level
a - Pain                  Necr           64%        1d7       3%          1

Your spell library contained the following spells:

 Spells                   Type           Power      Damage    Failure   Level
 Animate Skeleton         Necr           32%        N/A       3%          1
 Vampiric Draining        Necr           16%        2d7       9%          3
 Animate Dead             Necr           8%         N/A       30%         4
 Agony                    Necr           16%        N/A       63%         5


Dungeon Overview and Level Annotations

Branches:
Dungeon (1/15)

Altars:


Innate Abilities, Weirdness & Mutations

You regenerate magic rapidly.


Message History

You miss the bat.
The bat is moderately wounded.
The bat hits you but does no damage. The bat closely misses you.
The bat barely misses you. The bat hits you but does no damage.
You hit the bat.
You kill the bat!
You have reached level 2!
Your demonic ancestry asserts itself...
Your magic begins to regenerate rapidly.
You start resting.
HP restored.
An endoplasm and a bat come into view.
You hit the bat but do no damage.
The endoplasm quivers.
The bat barely misses you. The bat barely misses you.
The bat hits you but does no damage. The endoplasm hits you.
You barely miss the endoplasm. The bat closely misses you.
The endoplasm freezes you.
You are frozen.
You hit the endoplasm but do no damage. The bat misses you.
The endoplasm misses you. The endoplasm freezes you.
You are frozen.
You hit the endoplasm but do no damage. The bat hits you.
The endoplasm hits you.
You barely miss the endoplasm. The bat hits you but does no damage.
The endoplasm hits you.
* * * LOW HITPOINT WARNING * * *
You hit the endoplasm.
The endoplasm is almost dead.
The endoplasm hits you.
* * * LOW HITPOINT WARNING * * *
The bat misses you. The endoplasm misses you.
You barely miss the endoplasm.
The endoplasm is almost dead.
The bat completely misses you. The bat closely misses you.
The endoplasm hits you.
You die...

.. .#.# .
#.#.#.## ..
#...... #.
.....# ..
.....#
#.##....##.#
#...J......#
#@#.## #.b..#
#### ##.###.#
### ..# ##.##
#≈♣# #.# #.##
###≈≈♣#+#♣
##.## #.#
#..≈≈≈≈≈≈≈
##...###.##
#..≈≈♣#'#P
##.#.#.###.##
#.#≈≈##.##
#...........#
#.####<..#


You could see an endoplasm and a bat.

Vanquished Creatures
  3 goblins (D:1)
  A hobgoblin (D:1)
  2 bats (D:1)
  A kobold (D:1)
  A rat (D:1)
8 creatures vanquished.

Notes
Turn   | Place    | Note
-------+----------+-------------------------------------------
     0 | D:1      | Syelyexplosive the Demonspawn Necromancer began the quest
                  | for the Orb.
     0 | D:1      | Reached XP level 1. HP: 13/13 MP: 3/3
   663 | D:1      | Gained mutation: You regenerate magic rapidly. [demonic
                  | ancestry]
   663 | D:1      | Reached XP level 2. HP: 8/19 MP: 5/5
   858 | D:1      | Slain by an endoplasm

Illustrated notes

Levels and vault maps discovered:
D:1:      sevenhm_arrival_forest_fort_small_4, layout_loops_ring,
          minmay_surrounded

Skill      XL: |  1 |
---------------+----+-----
Dodging        | 2 |  2.0
Stealth        | |  1.8
Spellcasting   | |  2.1
Necromancy     | |  4.7

Action                   || total
-------------------------++-------
Melee: Club              ||    30
       Unarmed           ||    23
       Punch             ||     1
 Cast: Pain              ||     1
  Use: Scroll            ||     1
 Stab: Sleeping          ||     2
Armor: Robe              ||    20
Dodge: Dodged            ||    49

Table legend: (Time is in decaauts)
 A = Elapsed time spent in this place.
 B = Non-inter-level travel time spent in this place.
 C = Inter-level travel time spent in this place.
 D = Time resting spent in this place.
 E = Time spent auto-exploring this place.
 F = Levels seen in this place.
 G = Mean time per level.
                   A        B        C        D        E       F      G
               +--------+--------+--------+--------+--------+-----+--------+
         Total |    869 |    867 |      2 |    578 |      0 |   1 |  869.0 |
       Dungeon |    869 |    867 |      2 |    578 |      0 |   1 |  869.0 |
               +--------+--------+--------+--------+--------+-----+--------+

Top non-repeatable levels by time:
     D:1: 869 daAuts
